 Dungeon Crawl Stone Soup version 0.28-a0-101-g18048e5a82 (webtiles) character file.

Game seed: 16241096132830157883

88 Loskel the Skirmisher (level 4, -3/37 HPs)
             Began as a Demonspawn Monk on Aug 11, 2021.
             Was a Believer of Fedhas.
             Slain by Grinder (5 damage)
             ... on level 3 of the Dungeon.
             The game lasted 00:06:24 (2626 turns).

Loskel the Skirmisher (Demonspawn Monk)             Turns: 2626, Time: 00:06:26

Health: -3/37      AC:  7    Str: 11    XL:     4   Next: 29%
Magic:  10/13      EV: 11    Int: 12    God:    Fedhas [**....]
Gold:   94         SH:  0    Dex: 22    Spells: 3/3 levels left

rFire   . . .      SeeInvis .   e - +2 dagger (speed)
rCold   . . .      Faith    .   (no shield)
rNeg    . . .      Spirit   .   d - +0 ring mail
rPois   .          Reflect  .   (helmet restricted)
rElec   .          Harm     .   (no cloak)
rCorr   .          Rampage  .   f - +1 pair of gloves
Will    .....                   (no boots)
Stlth   ++........              (no amulet)
HPRegen 0.12/turn               h - ring of magical power
MPRegen 0.13/turn               j - +6 ring of dexterity

@: no status effects
A: horns 1, demonic magic 1
a: Renounce Religion, Wall of Briars


You were on level 3 of the Dungeon.
You worshipped Fedhas.
Fedhas was pleased with you.
You visited 1 branch of the dungeon, and saw 3 of its levels.

You collected 94 gold pieces.

Inventory:

Hand Weapons
 e - a +2 dagger of speed (weapon)
Armour
 d - a +0 ring mail (worn)
 f - a +1 pair of gloves (worn)
Magical Staves
 c - a staff of conjuration
Jewellery
 h - a ring of magical power (left hand)
 j - a +6 ring of dexterity (right hand)
Scrolls
 k - 2 scrolls of teleportation {unknown}
 l - a scroll of noise {unknown}
Potions
 b - a potion of degeneration {unknown}
 g - a potion of resistance {unknown}
 i - a potion of invisibility {unknown}


   Skills:
 + Level 3.9 Fighting
 * Level 1.3 Short Blades
 - Level 2.6 Dodging
 + Level 1.9 Stealth
 - Level 3.6 Unarmed Combat


You had 3 spell levels left.
You didn't know any spells.
Your spell library was empty.

Dungeon Overview and Level Annotations

Branches:
Dungeon (3/15)

Altars:
Fedhas
Xom
Zin

Shops:
D:1 =

Annotations:
D:3 Grinder


Innate Abilities, Weirdness & Mutations

You have a pair of small horns on your head.
Spells you cast may paralyse adjacent enemies.


Message History

Grinder barely misses you.
You hit Grinder. Your headbutt misses Grinder.
Grinder is moderately wounded.
You hit Grinder but do no damage.
Grinder is moderately wounded.
Grinder hits you but does no damage.
You hit Grinder. You punch Grinder.
Grinder is moderately wounded.
Grinder blinks!
You barely miss Grinder. You headbutt Grinder, but do no damage.
You punch Grinder.
Grinder is moderately wounded.
You hit Grinder but do no damage. You headbutt Grinder, but do no damage.
Grinder is moderately wounded.
Grinder says, "You look like you could use a good racking."
Grinder blinks!
Grinder gestures at you. Pain shoots through your body!
Grinder blinks!
No target in view!
You start resting.
Grinder is nearby!
Okay, then.
Grinder blinks!
Grinder gestures at you. Pain shoots through your body!
* * * LOW HITPOINT WARNING * * *
You are too injured to fight recklessly!
Grinder gestures at you. You resist with significant effort.
A briar patch grows up from the ground. x8
Grinder blinks!
Blink to where?
Press: ? - help, Dir - move target
As you read the scroll labelled ISOVEC ZOYGA, it crumbles to dust.
It was a scroll of blinking.
Grinder hits you!
* * * LOW HITPOINT WARNING * * *
You writhe in agony.
You die...
Fedhas appreciates your contribution to the ecosystem.

............#
....#.......# ...
#.......# #.
#..PPP..# #
###..P§P### #
......PPP######## #
#####...........# #
#...........# #
#@..........######
#5...######.......
..##....### #.......
..........# #.......
..#######.####.......
. .........<##.......
#######.####.......
###.####.......
#..............


You could see Grinder (ally target).

Vanquished Creatures
  2 adders (D:2)
  3 dart slugs (D:2)
  8 ball pythons
  2 endoplasms
  3 giant cockroaches
  9 goblins
  2 hobgoblins
  12 jackals
  2 quokkas
  5 bats
  2 frilled lizards (D:1)
  4 kobolds
  2 rats
56 creatures vanquished.

Notes
Turn   | Place    | Note
-------+----------+-------------------------------------------
     0 | D:1      | Loskel the Demonspawn Monk began the quest for the Orb.
     0 | D:1      | Reached XP level 1. HP: 18/18 MP: 1/1
    29 | D:1      | Found Waugaesa's Jewellery Emporium.
   137 | D:1      | Gained mutation: Spells you cast may paralyse adjacent
                  | enemies. [demonic ancestry]
   137 | D:1      | Reached XP level 2. HP: 20/24 MP: 2/2
   189 | D:1      | Found a faded altar of an unknown god.
   957 | D:1      | Reached XP level 3. HP: 28/29 MP: 3/3
  1814 | D:2      | Reached skill level 1 in Short Blades
  1823 | D:2      | Gained mutation: You have a pair of small horns on your
                  | head. [demonic ancestry]
  1823 | D:2      | Reached XP level 4. HP: 37/37 MP: 4/4
  2466 | D:3      | Found a shimmering altar of Xom.
  2557 | D:1      | Became a worshipper of Fedhas Madash
  2557 | D:1      | Reached * piety under Fedhas
  2557 | D:1      | Reached ** piety under Fedhas
  2605 | D:3      | Noticed Grinder
  2626 | D:3      | Slain by Grinder

Illustrated notes

Levels and vault maps discovered:
D:1:      dpeg_arrival_short_road, layout_basic,
          dreamdust_ecumenical_altar_grove, serial_shops, nicolae_shop_trees
D:2:      layout_basic, basic_altar
D:3:      layout_basic, mainiacjoe_overflow_paths, nicolae_wu_jian_wuxing_cycle,
          hex_medium, minmay_cupped, uniq_robin, uniq_grinder

Skill      XL: |  1  2  3 |
---------------+----------+-----
Unarmed Combat | 3 |  3.6
Short Blades   | 1 |  1.3
Fighting       | |  3.9
Dodging        | |  2.6
Stealth        | |  1.9

Action                   |  1- 3 |  4- 6 || total
-------------------------+-------+-------++-------
Melee: Unarmed           |   113 |       ||   113
       Punch             |     3 |     2 ||     5
       Dagger            |    66 |    33 ||    99
       Headbutt          |       |    11 ||    11
Invok: Wall of Briars    |       |     1 ||     1
  Use: Scroll            |       |     1 ||     1
 Stab: Sleeping          |     4 |     1 ||     5
Armor: Robe              |    23 |       ||    23
       Ring mail         |    48 |     5 ||    53
Dodge: Dodged            |   111 |    17 ||   128

Table legend: (Time is in decaauts)
 A = Elapsed time spent in this place.
 B = Non-inter-level travel time spent in this place.
 C = Inter-level travel time spent in this place.
 D = Time resting spent in this place.
 E = Time spent auto-exploring this place.
 F = Levels seen in this place.
 G = Mean time per level.
                   A        B        C        D        E       F      G
               +--------+--------+--------+--------+--------+-----+--------+
         Total |   2588 |   2349 |    239 |    504 |   1446 |   3 |  862.7 |
       Dungeon |   2588 |   2349 |    239 |    504 |   1446 |   3 |  862.7 |
               +--------+--------+--------+--------+--------+-----+--------+

Top non-repeatable levels by time:
     D:2: 1249 daAuts
     D:1: 1180 daAuts
     D:3: 159 daAuts
